[Event "Team 45 45 League T54"]
[Site "Internet Chess Club"]
[Date "2012.09.01"]
[Round "3"]
[White "sockmonkey"]
[Black "lawth3"]
[Result "1-0"]
[WhiteElo "1359"]
[BlackElo "1238"]
[Opening "Queen's pawn: Torre attack"]
[ECO "A46"]
[Time "08:59:45"]
[TimeControl "2700+45"]

1. d4 Nf6 2. Nf3 e6 3. Bg5 c5 4. e3 b6 5. Bd3 Bb7 6. Nbd2 cxd4 7. exd4 Be7 8.
O-O O-O 9. c3 d6 10. Re1 Nbd7 11. Qe2 Re8 12. Ne4 Bf8 13. Nfd2 d5 14. Nxf6+ Nxf6
15. Bb5 Re7 16. Bxf6 gxf6 17. Qg4+ Bg7 18. Re3 a6 19. Bd3 f5 20. Qh5 h6 21. Qh4
Re8 22. Qxd8 Rexd8 23. f4 Kf8 24. Rg3 b5 25. Re1 Kg8 26. Nf3 f6 27. Nh4 Bc8 28.
b3 Bd7 29. c4 dxc4 30. bxc4 bxc4 31. Bxc4 Rdc8 32. Bxe6+ Bxe6 33. Rxe6 Rc1+ 34.
Kf2 Kf7 35. Re2 Re8 36. Rxe8 Kxe8 37. Re3+ Kd7 38. Nxf5 Bf8 39. g4 Rc2+ 40. Re2
Rc3 41. h4 Ra3 42. g5 Ra5 43. Nxh6 Bxh6 44. gxh6 Rh5 45. Kg3 Rxh6 46. Kg4 Kd6
47. f5 Kd5 48. Re6 a5 49. Ra6 Kxd4 50. Rxa5 Rh5 51. Kxh5 {Black resigns} 1-0

[Event "Team 45 45 League T54"]
[Site "Internet Chess Club"]
[Date "2012.08.29"]
[Round "3"]
[White "oldsj"]
[Black "BrerRabbit"]
[Result "1-0"]
[WhiteElo "1660"]
[BlackElo "1489"]
[Opening "Pirc: Austrian attack, dragon formation"]
[ECO "B09"]
[Time "19:00:41"]
[TimeControl "2700+45"]

1. e4 d6 2. d4 Nf6 3. Nc3 g6 4. f4 Bg7 5. Nf3 c5 6. e5 Nfd7 7. exd6 O-O 8. Be3
exd6 9. Qd2 Nc6 10. O-O-O Qa5 11. f5 b5 12. fxg6 hxg6 13. Bxb5 Bb7 14. Bh6 Nf6
15. Bxg7 Kxg7 16. Bc4 Rab8 17. Nd5 Qxd2+ 18. Rxd2 Ne4 19. Re2 f5 20. dxc5 dxc5
21. Nf4 Rh8 22. Rhe1 Nd4 23. Nxd4 cxd4 24. h3 Kf6 25. Nd3 Ng3 26. Re6+ Kg5 27.
Ne5 Kh5 28. Nxg6 Rhc8 29. Bd3 Bd5 30. Nf4+ {Black resigns} 1-0

[Event "Team 45 45 League T54"]
[Site "Internet Chess Club"]
[Date "2012.09.01"]
[Round "3"]
[White "matthewc"]
[Black "Tjet"]
[Result "0-1"]
[WhiteElo "1369"]
[BlackElo "1426"]
[Opening "Philidor's defense"]
[ECO "C41"]
[Time "21:01:07"]
[TimeControl "2700+45"]

1. e4 d6 2. Nf3 e5 3. Bc4 Be7 4. d3 Nf6 5. c3 O-O 6. Qb3 c6 7. Ng5 d5 8. exd5
Nxd5 9. Be3 Bxg5 10. Bxg5 Qxg5 11. Bxd5 cxd5 12. Qxd5 Qc1+ 13. Ke2 Qxh1 14. h3
Nc6 15. a4 Be6 16. Qe4 Qc1 17. d4 Qxb2+ 18. Nd2 Qxa1 19. d5 Bxd5 20. Qxd5 Qxc3
21. Nf3 Rad8 22. Qe4 Nd4+ 23. Kf1 Nxf3 24. gxf3 Qd3+ 25. Qxd3 Rxd3 26. Ke2 Rfd8
27. a5 Rd2+ 28. Ke3 f5 29. f4 R8d3# {White checkmated} 0-1

[Event "Team 45 45 League T54"]
[Site "Internet Chess Club"]
[Date "2012.09.04"]
[Round "3"]
[White "stanbeers"]
[Black "JRussell2"]
[Result "1-0"]
[WhiteElo "1424"]
[BlackElo "1404"]
[Opening "QGD Slav defense"]
[ECO "D10"]
[Time "18:00:07"]
[TimeControl "2700+45"]

1. d4 d5 2. c4 c6 3. Nc3 Nf6 4. cxd5 cxd5 5. Bg5 Bf5 6. Nf3 e6 7. e3 a6 8. Bd3
Bg6 9. O-O Bd6 10. Ne5 Nc6 11. f4 Qc7 12. Bxf6 gxf6 13. Nxg6 hxg6 14. Qg4 O-O-O
15. Ne2 g5 16. Rac1 Rh4 17. Qf3 Rdh8 18. h3 g4 19. hxg4 Qb6 20. b3 Kb8 21. Ng3
e5 22. fxe5 fxe5 23. Qxf7 e4 24. Nf5 Rh1+ 25. Kf2 Rxf1+ 26. Rxf1 Rf8 27. Qe6
exd3 28. Qxd6+ {Black resigns} 1-0

[Event "Team 45 45 League T54"]
[Site "Internet Chess Club"]
[Date "2012.09.02"]
[Round "3"]
[White "PsyMar"]
[Black "Fogbound"]
[Result "1-0"]
[WhiteElo "1327"]
[BlackElo "1244"]
[Opening "Sicilian: Hungarian variation"]
[ECO "B27"]
[Time "14:00:37"]
[TimeControl "2700+45"]

1. e4 c5 2. Nf3 g6 3. d4 cxd4 4. Qxd4 f6 5. Be3 Nc6 6. Qc3 e6 7. Nbd2 Bb4 8. Qb3
a5 9. Bb5 Qe7 10. a4 Bxd2+ 11. Bxd2 Qd6 12. Rd1 Nd4 13. Nxd4 Qxd4 14. f3 Ne7 15.
Qxe6 Qe5 16. Qxe5 fxe5 17. Bc3 Nc6 18. Bxc6 bxc6 19. Bxe5 Rf8 20. Bd6 Rf7 21. e5
Ra7 22. O-O Rb7 23. Rb1 Rf4 24. b3 Kf7 25. e6+ dxe6 26. Bxf4 Rb4 27. Bd2 Rd4 28.
Bxa5 Rd5 29. Bb6 Ba6 30. a5 Bxf1 31. Kxf1 Rd2 32. c3 Ke7 33. Ra1 Kd7 34. a6 Kc8
35. a7 Kb7 36. a8=Q+ Kxb6 37. Qa7+ {Black resigns} 1-0

[Event "Team 45 45 League T54"]
[Site "Internet Chess Club"]
[Date "2012.08.29"]
[Round "3"]
[White "siddhu"]
[Black "rayonline53"]
[Result "1-0"]
[WhiteElo "1879"]
[BlackElo "1639"]
[Opening "Caro-Kann: Panov-Botvinnik attack, 5...e6"]
[ECO "B14"]
[Time "17:00:15"]
[TimeControl "2700+45"]

1. e4 c6 2. d4 d5 3. exd5 cxd5 4. c4 Nf6 5. Nc3 e6 6. cxd5 Nxd5 7. Nf3 Be7 8.
Bc4 O-O 9. O-O Nc6 10. Re1 a6 11. Bb3 b5 12. Nxd5 exd5 13. Bf4 Be6 14. Rc1 Rc8
15. a4 b4 16. Qd3 Qb6 17. Bc2 g6 18. Bh6 Rfe8 19. a5 Qxa5 20. Ra1 Qb5 21. Rxa6
Qxd3 22. Bxd3 Nb8 23. Raa1 Nd7 24. Ng5 Nf8 25. Bb5 Bxg5 26. Bxg5 Bd7 27. Bxd7
Nxd7 28. Rxe8+ Rxe8 29. Kf1 Kg7 30. Bd2 b3 31. Ra5 Nf6 32. Rb5 Rc8 33. Bc3 Ne4
34. Rxb3 Kf6 35. f3 Nxc3 36. Rxc3 Rb8 37. b3 Rb4 38. Rd3 Ke6 39. Ke2 Kd6 40. Kd2
Rb7 41. Kc2 Re7 42. Kd2 Ra7 43. Kc3 Rc7+ 44. Kb2 Re7 45. Rd2 Re3 46. Ka3 Kc6 47.
Ka4 Kb6 48. Kb4 h5 49. h4 f5 50. Ka4 Re1 51. b4 Ra1+ 52. Kb3 Rh1 53. Re2 Rxh4
54. Kc3 Rh1 55. Re6+ Kb5 56. Rxg6 Rc1+ 57. Kd2 Rc4 58. Ke3 Kxb4 59. Rd6 Rc2 60.
Rxd5 Rxg2 61. Rxf5 h4 62. Rh5 Rh2 63. f4 Rh1 64. f5 h3 65. Kf2 Kc4 66. f6 Kxd4
67. f7 {Black resigns} 1-0

[Event "Team 45 45 League T54"]
[Site "Internet Chess Club"]
[Date "2012.08.29"]
[Round "3"]
[White "nursey"]
[Black "CzwartyWymiar"]
[Result "0-1"]
[WhiteElo "1651"]
[BlackElo "1818"]
[Opening "Latvian counter-gambit"]
[ECO "C40"]
[Time "14:02:46"]
[TimeControl "2700+45"]

1. e4 e5 2. Nf3 f5 3. Nxe5 Qf6 4. d4 d6 5. Nf3 fxe4 6. Bg5 Qg6 7. Qe2 Be7 8.
Bxe7 exf3 9. Qxf3 Nxe7 10. Bd3 Qg4 11. Qe4 Qxe4+ 12. Bxe4 d5 13. Bf3 Nbc6 14. c3
O-O 15. O-O Bf5 16. Re1 Rae8 17. Nd2 Nd8 18. b3 c6 19. c4 dxc4 20. bxc4 Ng6 21.
d5 Rxe1+ 22. Rxe1 Kf7 23. Ne4 Bxe4 24. Bxe4 Re8 25. Bxg6+ hxg6 26. Rxe8 Kxe8 27.
Kf1 cxd5 28. cxd5 Kd7 29. Ke2 Kd6 30. Kd3 Kxd5 31. h3 b5 32. g3 a5 33. f4 Ne6
34. h4 b4 35. Kc2 Kc4 36. Kd2 a4 37. Kc2 b3+ 38. axb3+ axb3+ 39. Kb2 Nc5 {White
resigns} 0-1

[Event "Team 45 45 League T54"]
[Site "Internet Chess Club"]
[Date "2012.09.01"]
[Round "3"]
[White "parrot9"]
[Black "SeniorCitizen"]
[Result "1-0"]
[WhiteElo "1624"]
[BlackElo "1347"]
[Opening "French: Tarrasch, closed variation"]
[ECO "C05"]
[Time "10:05:25"]
[TimeControl "2700+45"]

1. e4 e6 2. d4 d5 3. Nd2 Nf6 4. e5 Nfd7 5. Bd3 c5 6. c3 Nc6 7. Ndf3 Be7 8. Ne2
cxd4 9. cxd4 Qa5+ 10. Bd2 Qb6 11. Qc1 O-O 12. a3 f6 13. exf6 Bxf6 14. Be3 Qd8
15. Ng5 Bxg5 16. Bxg5 Nf6 17. Bf4 Bd7 18. O-O a6 19. Re1 Nh5 20. Be5 Nxe5 21.
dxe5 Qb6 22. Qe3 Qxe3 23. fxe3 g6 24. g4 Ng7 25. Rac1 Rac8 26. Kg2 Rxc1 27. Rxc1
Rc8 28. Rxc8+ Bxc8 29. e4 Bd7 30. exd5 exd5 31. Kg3 Ne6 32. Nf4 Nxf4 33. Kxf4
Kg7 34. h4 h6 35. g5 h5 36. Be2 Kf7 37. Ke3 Bc6 38. Kd4 Ke6 39. Bd3 Kf7 40. b4
Kg7 41. Kc5 Kf7 42. Kd6 d4 43. Kc5 Bb5 44. Bxb5 axb5 45. Kxd4 Ke6 46. Ke4 b6 47.
Kd4 {Black resigns} 1-0

[Event "Team 45 45 League T54"]
[Site "Internet Chess Club"]
[Date "2012.09.02"]
[Round "3"]
[White "kllrchris"]
[Black "jantonio"]
[Result "1/2-1/2"]
[WhiteElo "1691"]
[BlackElo "1545"]
[Opening "King's Indian: Sämisch variation"]
[ECO "E80"]
[Time "20:00:19"]
[TimeControl "2700+45"]

1. d4 Nf6 2. c4 g6 3. Nc3 Bg7 4. e4 d6 5. f3 e5 6. Nge2 exd4 7. Nxd4 O-O 8. Bg5
Re8 9. Qd2 c6 10. Be2 Qa5 11. O-O Nxe4 12. fxe4 Bxd4+ 13. Qxd4 Qxg5 14. Qxd6 Bh3
15. Rf2 Rd8 16. Qc7 Nd7 17. e5 Nc5 18. Qxf7+ Kh8 19. Qf6+ Qxf6 20. exf6 Bf5 21.
g4 Be6 22. b4 Nd3 23. Rf3 Bxc4 {Game drawn by mutual agreement} 1/2-1/2

[Event "Team 45 45 League T54"]
[Site "Internet Chess Club"]
[Date "2012.09.02"]
[Round "3"]
[White "Megasus"]
[Black "medsurg"]
[Result "1-0"]
[WhiteElo "1474"]
[BlackElo "1319"]
[Opening "Réti opening"]
[ECO "A06"]
[Time "04:04:55"]
[TimeControl "2700+45"]

1. Nf3 d5 2. e3 Nf6 3. c4 dxc4 4. Bxc4 c6 5. Qb3 e6 6. a3 Be7 7. h3 Qb6 8. Nc3
Qxb3 9. Bxb3 b6 10. Bc2 Nbd7 11. d4 Ba6 12. Bd2 Nd5 13. Ne4 h6 14. b4 Bc4 15.
Rc1 b5 16. Nc5 Nxc5 17. dxc5 Bf6 18. a4 a6 19. a5 Bc3 20. Bxc3 Nxc3 21. Ne5 Bd5
22. f3 Na2 23. Rb1 Nc3 24. Rb2 f6 25. Bg6+ Ke7 26. Nf7 Rhf8 27. Nd6 f5 28. e4
fxe4 29. fxe4 Bc4 30. Nxc4 bxc4 31. Rc2 Rf6 32. Rxc3 Rxg6 33. g4 Rf6 34. Rf1
Rxf1+ 35. Kxf1 Kf6 36. Rxc4 Rb8 37. Kf2 Ke5 38. Ke3 g5 39. Rd4 Kf6 40. Kd3 Ke7
41. Kc4 Rd8 42. Rxd8 Kxd8 43. Kd4 {Black resigns} 1-0

[Event "Team 45 45 League T54"]
[Site "Internet Chess Club"]
[Date "2012.09.01"]
[Round "3"]
[White "QueensCounselor"]
[Black "egyptiantiger"]
[Result "1/2-1/2"]
[WhiteElo "2087"]
[BlackElo "2124"]
[Opening "Sicilian: Labourdonnais-Löwenthal (Kalashnikov) variation"]
[ECO "B32"]
[Time "07:00:37"]
[TimeControl "2700+45"]

1. e4 c5 2. Nf3 Nc6 3. d4 cxd4 4. Nxd4 e5 5. Nb5 d6 6. N1c3 a6 7. Na3 Be7 8. Nd5
Be6 9. Be3 Rc8 10. Nc4 Bxd5 11. exd5 Nb8 12. Be2 Nd7 13. O-O b5 14. Na3 f5 15.
c4 b4 16. Nc2 a5 17. f4 exf4 18. Bxf4 Ngf6 19. Nd4 O-O 20. Nxf5 Ne4 21. Nxe7+
Qxe7 22. Qd4 Ndc5 23. Rae1 g5 24. Be3 Rxf1+ 25. Rxf1 Rf8 26. Bf3 h6 27. Re1 Nf6
28. Bf2 Qf7 29. Bg3 Qd7 30. Qd2 Kg7 31. h4 g4 32. Bd1 Nce4 33. Qe3 Nxg3 34. Qxg3
Re8 35. Bc2 Nh5 36. Qf2 g3 37. Qd4+ Kg8 38. Rf1 Qg7 39. Qd3 Rf8 40. Rxf8+ Kxf8
41. Qf5+ Qf7 42. Kf1 Nf4 43. Qc8+ Qe8 44. Qf5+ Qf7 {Game drawn by mutual
agreement} 1/2-1/2

[Event "Team 45 45 League T54"]
[Site "Internet Chess Club"]
[Date "2012.09.02"]
[Round "3"]
[White "cheVelle"]
[Black "SaltofLife"]
[Result "1-0"]
[WhiteElo "1924"]
[BlackElo "1912"]
[Opening "French: Steinitz, Boleslavsky variation"]
[ECO "C11"]
[Time "15:04:35"]
[TimeControl "2700+45"]

1. e4 e6 2. d4 d5 3. Nc3 Nf6 4. e5 Nfd7 5. f4 c5 6. Nf3 Nc6 7. Be3 Be7 8. Qd2
O-O 9. g4 f6 10. exf6 Nxf6 11. g5 Ne4 12. Nxe4 dxe4 13. Ne5 Nxe5 14. dxe5 Qxd2+
15. Kxd2 Bd7 16. Bh3 Kf7 17. Bg2 Bc6 18. Rad1 b5 19. Kc1 Rfd8 20. Rxd8 Rxd8 21.
Rd1 Rxd1+ 22. Kxd1 Bd5 23. b3 b4 24. Ke2 a5 25. Bd2 Kg6 26. Ke3 Kf5 27. Bh3+ Kg6
28. Bg4 h6 29. h4 hxg5 30. fxg5 c4 31. Kf4 cxb3 32. axb3 Bc5 33. h5+ Kf7 34. Be3
Bxe3+ 35. Kxe3 Bc6 36. Bd1 a4 37. bxa4 Bxa4 38. Kxe4 {Black resigns} 1-0

[Event "Team 45 45 League T54"]
[Site "Internet Chess Club"]
[Date "2012.09.01"]
[Round "3"]
[White "fishhead"]
[Black "CapitanTrueno"]
[Result "1/2-1/2"]
[WhiteElo "1648"]
[BlackElo "1799"]
[Opening "Ruy Lopez: open, Riga variation"]
[ECO "C80"]
[Time "15:01:17"]
[TimeControl "2700+45"]

1. e4 e5 2. Nf3 Nc6 3. Bb5 a6 4. Ba4 Nf6 5. O-O Nxe4 6. d4 exd4 7. Nxd4 Nxd4 8.
Qxd4 Nc5 9. Re1+ Ne6 10. f4 Be7 11. Qe5 Bf6 12. Qc5 Be7 13. Qe5 Bf6 {Game drawn
by mutual agreement} 1/2-1/2

[Event "Team 45 45 League T54"]
[Site "Internet Chess Club"]
[Date "2012.09.05"]
[Round "3"]
[White "tsia68"]
[Black "jonesey"]
[Result "1-0"]
[WhiteElo "1796"]
[BlackElo "1835"]
[Opening "Réti opening"]
[ECO "A04"]
[Time "17:12:18"]
[TimeControl "2700+45"]

1. Nf3 g6 2. g3 Bg7 3. Bg2 Nf6 4. O-O O-O 5. c4 d6 6. Nc3 e5 7. d3 Nc6 8. Rb1 a5
9. a3 Nh5 10. b4 axb4 11. axb4 f5 12. b5 Ne7 13. Qb3 Kh8 14. Ba3 Rf6 15. Ra1 h6
16. Nd2 g5 17. c5 Be6 18. Qb4 d5 19. c6 Rf7 20. cxb7 Rb8 21. Nb3 Rxb7 22. Nc5
Rb6 23. N3a4 Bc8 24. Nxb6 cxb6 25. Na4 f4 26. Qd6 Qe8 27. Nxb6 e4 28. Rac1 f3
29. exf3 exf3 30. Bxf3 Bh3 31. Bxh5 Qf8 32. Bxf7 Qxf7 33. Nxd5 Nxd5 34. f3 Bd4+
35. Kh1 Bxf1 36. Qxh6+ {Black resigns} 1-0

[Event "Team 45 45 League T54"]
[Site "Internet Chess Club"]
[Date "2012.09.02"]
[Round "3"]
[White "NFork"]
[Black "CHENENE"]
[Result "1-0"]
[WhiteElo "2180"]
[BlackElo "1548"]
[Opening "Giuoco Piano"]
[ECO "C50"]
[Time "11:48:08"]
[TimeControl "2700+45"]

1. e4 e5 2. Nf3 Nc6 3. Bc4 Bc5 4. O-O d6 5. c3 Bb6 6. h3 Nf6 7. Re1 Qe7 8. d4 h6
9. Qd3 a6 10. Nbd2 O-O 11. Bb3 Bd7 12. Nc4 Ba7 13. Bd2 Rfe8 14. Bc2 b5 15. Ne3
Kh7 16. Nd5 Qd8 17. dxe5 Nxe5 18. Nxe5 dxe5 19. Be3 Bxe3 20. Rxe3 Be6 21. Rd1
Kh8 22. Qe2 Bxd5 23. exd5 Qd6 24. c4 bxc4 25. Qxc4 g6 26. Rc3 Re7 27. Qh4 Ng8
28. Rc6 Qd7 29. Ba4 Qf5 30. Qc4 Qf4 31. Qc2 Nf6 32. Bb3 Ne8 33. Re1 Kg7 34. Re3
Qg5 35. Rg3 Qh5 36. Qd3 a5 37. Bd1 e4 38. Qd2 Qe5 39. Ra3 Nf6 40. Rc5 Rb8 41.
Bb3 e3 42. Qxe3 Qxe3 43. fxe3 Rxe3 44. Rxc7 Ne8 45. Rd7 Nf6 46. Ra7 Rc8 47. d6
g5 48. Rxf7+ Kg6 49. Rc7 Re1+ 50. Kf2 Rxc7 51. dxc7 Rc1 52. Rxa5 Rxc7 53. Ke3
{Black resigns} 1-0

[Event "Team 45 45 League T54"]
[Site "Internet Chess Club"]
[Date "2012.09.01"]
[Round "3"]
[White "kasperloff"]
[Black "RedAttack"]
[Result "1-0"]
[WhiteElo "1821"]
[BlackElo "1849"]
[Opening "QGD Slav/Grünfeld: Schlechter variation"]
[ECO "D15"]
[Time "15:00:58"]
[TimeControl "2700+45"]

1. d4 d5 2. c4 c6 3. Nf3 Nf6 4. Nc3 g6 5. e3 Bg7 6. Qb3 O-O 7. Be2 Ne4 8. cxd5
Nxc3 9. bxc3 cxd5 10. c4 e6 11. c5 Nc6 12. O-O Re8 13. Rb1 e5 14. dxe5 Nxe5 15.
Bb2 Bf5 16. Rbd1 Be4 17. Nxe5 Bxe5 18. Bxe5 Rxe5 19. f3 Bf5 20. f4 Re7 21. Rxd5
Qe8 22. Bc4 Rxe3 23. Re5 Rxb3 24. Rxe8+ Rxe8 25. axb3 Re7 26. Kf2 Kg7 27. Re1
Kf6 28. Rxe7 Kxe7 29. Bd5 b6 30. cxb6 axb6 31. Ke3 Be6 32. Kd4 Kd6 33. Bxe6 Kxe6
34. Kc4 Kd6 35. Kb5 Kc7 36. g4 h6 37. f5 h5 38. gxh5 gxh5 39. h4 f6 40. Ka6 Kc6
41. b4 b5 42. Ka5 Kd5 43. Kxb5 Ke5 44. Kc5 Kxf5 45. b5 Ke6 46. Kc6 {Black
resigns} 1-0

[Event "Team 45 45 League T54"]
[Site "Internet Chess Club"]
[Date "2012.09.01"]
[Round "3"]
[White "frank001"]
[Black "H2-0"]
[Result "1-0"]
[WhiteElo "1778"]
[BlackElo "1800"]
[Opening "Queen's pawn: stonewall attack"]
[ECO "D00"]
[Time "23:00:12"]
[TimeControl "2700+45"]

1. d4 d5 2. e3 Nf6 3. Bd3 e6 4. Nd2 Be7 5. f4 c5 6. c3 Nc6 7. Ngf3 c4 8. Bc2 b5
9. a3 a5 10. O-O Bb7 11. Ne5 b4 12. axb4 axb4 13. Rxa8 Qxa8 14. Qf3 bxc3 15.
bxc3 Qa1 16. g4 O-O 17. g5 Ne8 18. Nb1 Nxe5 19. fxe5 Bxg5 20. Ba3 f5 21. Bxf8
Kxf8 22. Bxf5 exf5 23. Qxf5+ Bf6 24. exf6 Nxf6 25. Qxh7 Qb2 26. Qh8+ Kf7 27.
Qh5+ g6 28. Qe5 Qb6 29. Nd2 Qc6 30. Nf3 Bc8 31. Ng5+ Kg7 32. Qe7+ Kh6 33. Nf7+
Kh5 34. Rxf6 {Black resigns} 1-0

[Event "Team 45 45 League T54"]
[Site "Internet Chess Club"]
[Date "2012.09.04"]
[Round "3"]
[White "SugarIslander"]
[Black "FlyingTiger"]
[Result "1-0"]
[WhiteElo "1652"]
[BlackElo "1728"]
[Opening "Grünfeld: Russian, Byrne (Simagin) variation"]
[ECO "D97"]
[Time "19:00:14"]
[TimeControl "2700+45"]

1. d4 Nf6 2. c4 g6 3. Nc3 d5 4. Nf3 Bg7 5. Qb3 dxc4 6. Qxc4 O-O 7. e4 Nc6 8. Be3
Ng4 9. e5 Be6 10. Qb5 a5 11. a3 Nxe3 12. fxe3 Bd7 13. Qb3 e6 14. Bd3 Bh6 15. Ke2
Ne7 16. e4 a4 17. Qc2 Nc6 18. h4 Na5 19. Nxa4 Bxa4 20. Qxa4 c6 21. Qc2 Qb6 22.
b4 Rfd8 23. bxa5 Rxa5 24. Rhb1 Qa7 25. Rb4 Bf8 26. Rc4 Rxa3 27. Rxa3 Qxa3 28.
Ra4 Qe7 29. Ra7 Qb4 30. Ra4 Qb6 31. Ra2 Bh6 32. Rb2 Qa7 33. Qc5 Qa1 34. Rb1 Qa2+
35. Qc2 Qa5 36. Rxb7 Ra8 37. Rb2 Rc8 38. Qc5 Qa1 39. Rb1 Qa2+ 40. Qc2 Qa5 41.
Rb3 Qa1 42. Qb1 Qa7 43. Rb7 Qa8 44. Ng5 Bxg5 45. hxg5 Rd8 46. Qb2 Kg7 47. g4
Rxd4 48. Rxf7+ Kxf7 49. Qxd4 Qa2+ 50. Kf3 Qh2 51. Qd7+ Kf8 52. Qd8+ Kg7 53. Qf6+
Kg8 54. Qxe6+ Kf8 55. Qf6+ Ke8 56. Qxc6+ Kd8 57. Qd6+ Ke8 58. Bb5+ {Black
resigns} 1-0

[Event "Team 45 45 League T54"]
[Site "Internet Chess Club"]
[Date "2012.09.01"]
[Round "3"]
[White "krysto"]
[Black "oldsj"]
[Result "0-1"]
[WhiteElo "1553"]
[BlackElo "1672"]
[Opening "King's Indian: orthodox, Aronin-Taimanov, bayonet attack"]
[ECO "E97"]
[Time "16:00:39"]
[TimeControl "2700+45"]

1. d4 Nf6 2. c4 g6 3. Nc3 Bg7 4. e4 d6 5. Nf3 O-O 6. Be2 e5 7. O-O Nc6 8. d5 Ne7
9. b4 Nh5 10. Re1 f5 11. Ng5 Nf6 12. f3 f4 13. Ne6 Bxe6 14. dxe6 c6 15. b5 Nc8
16. Qb3 Qe7 17. c5 dxc5 18. a4 Kh8 19. Ba3 Nh5 20. Red1 Qh4 21. Bxc5 Ne7 22. Rd7
Rfe8 23. Rxb7 Ng3 24. Bc4 Rad8 25. Qc2 g5 26. Bxe7 Rxe7 27. Rxe7 Bf8 28. Rd7
Bc5+ 29. Rd4 Bxd4+ {White resigns} 0-1

[Event "Team 45 45 League T54"]
[Site "Internet Chess Club"]
[Date "2012.09.02"]
[Round "3"]
[White "nanning"]
[Black "milesotoole"]
[Result "0-1"]
[WhiteElo "1659"]
[BlackElo "1619"]
[Opening "Réti v Dutch"]
[ECO "A04"]
[Time "15:09:29"]
[TimeControl "2700+45"]

1. Nf3 f5 2. g3 Nf6 3. Bg2 g6 4. d3 Bg7 5. Nbd2 O-O 6. O-O d6 7. c3 Nc6 8. Qb3+
Kh8 9. Ng5 Na5 10. Nf7+ Kg8 11. Nh6+ Kh8 12. Nf7+ Kg8 13. Nxd8+ Nxb3 14. axb3
Rxd8 15. Nf3 e5 16. Be3 a6 17. Nd2 c6 18. Bb6 Re8 19. Nc4 d5 20. Nd6 Re6 21.
Nxc8 Rxc8 22. Ra4 c5 23. Ba5 b6 24. Rfa1 bxa5 25. Rxa5 Rcc6 26. c4 e4 27. b4
exd3 28. exd3 Rb6 29. cxd5 Re2 30. Rxc5 Rxb4 31. Rxa6 Rbxb2 32. Rc8+ Re8 33.
Rxe8+ Nxe8 34. d6 Rb1+ 35. Bf1 Nf6 36. Kg2 Rb2 37. h3 Rb8 38. d4 Ne4 39. Bc4+
Kf8 40. d7 Rd8 41. f3 Nf6 42. g4 fxg4 43. hxg4 Rxd7 44. Ra8+ Ke7 45. Bb5 Rxd4
46. Ra7+ Kf8 47. Ra8+ Ke7 48. g5 Nd5 49. Re8+ Kd6 50. Rd8+ Kc5 51. Be8 {White
resigns} 0-1

[Event "Team 45 45 League T54"]
[Site "Internet Chess Club"]
[Date "2012.09.01"]
[Round "3"]
[White "Berke"]
[Black "smsxman"]
[Result "0-1"]
[WhiteElo "1486"]
[BlackElo "1498"]
[Opening "Scotch gambit"]
[ECO "C44"]
[Time "10:00:22"]
[TimeControl "2700+45"]

1. e4 e5 2. Nf3 Nc6 3. d4 exd4 4. Bc4 d6 5. c3 d3 6. Qb3 Qe7 7. O-O Bd7 8. Bg5
f6 9. Bh4 Na5 10. Qb4 Nxc4 11. Qxc4 O-O-O 12. Nbd2 Be6 13. Qa4 Kb8 14. Nd4 Bd7
15. Qb3 Qe8 16. a4 Be7 17. Rfe1 g5 18. Bg3 Nh6 19. f4 Ng4 20. fxg5 fxg5 21. Nf5
Bf6 22. a5 a6 23. c4 h5 24. Qxd3 Bxf5 25. exf5 Qc6 26. b4 Bxa1 27. Rxa1 d5 28.
c5 Qb5 29. Qxb5 axb5 30. Nf3 Rhg8 31. Nd4 h4 32. Be1 c6 33. Bd2 Nf6 34. Ne6 Rd7
35. Bxg5 Ne4 36. Bf4+ Kc8 37. a6 bxa6 38. Rxa6 Kb7 39. Rxc6 Kxc6 40. Nd4+ Kb7
41. Nxb5 Ra8 42. Nd6+ Nxd6 43. Kh1 Ra1+ 44. Bc1 Rxc1# {White checkmated} 0-1

[Event "Team 45 45 League T54"]
[Site "Internet Chess Club"]
[Date "2012.09.04"]
[Round "3"]
[White "AVEMARIA"]
[Black "ChessChamp"]
[Result "1-0"]
[WhiteElo "1693"]
[BlackElo "1690"]
[Opening "Bishop's opening"]
[ECO "C23"]
[Time "17:00:55"]
[TimeControl "2700+45"]

1. e4 e5 2. Bc4 Nc6 3. c3 Nf6 4. d3 Be7 5. Nf3 d6 6. Bb3 O-O 7. O-O b5 8. Nbd2
Na5 9. Bc2 c5 10. h3 Bb7 11. Re1 Re8 12. Nf1 Bf8 13. Bg5 h6 14. Bd2 Qc7 15. Ng3
g6 16. Rc1 c4 17. d4 exd4 18. cxd4 Nc6 19. d5 Nd8 20. Nd4 a6 21. a4 Qd7 22. b3
Rc8 23. axb5 axb5 24. Bc3 Bg7 25. bxc4 Rxc4 26. Bd3 Nxd5 27. Bxc4 Nxc3 28. Rxc3
bxc4 29. Rxc4 Ne6 30. Nxe6 Qxe6 31. Rb4 Ba8 32. Re2 d5 33. exd5 Qd7 34. Rxe8+
Qxe8 35. Qb1 Be5 36. f4 Bd6 37. Ne4 Bxb4 38. Nf6+ Kf8 39. Nxe8 Bc5+ 40. Kh2 Kxe8
41. Qb8+ {Black resigns} 1-0

[Event "Team 45 45 League T54"]
[Site "Internet Chess Club"]
[Date "2012.09.03"]
[Round "3"]
[White "whiskeytown"]
[Black "Signalman"]
[Result "1-0"]
[WhiteElo "1472"]
[BlackElo "1536"]
[Opening "Pirc defense"]
[ECO "B07"]
[Time "13:03:38"]
[TimeControl "2700+45"]

1. e4 d6 2. d4 Nf6 3. Nc3 Nbd7 4. f4 e5 5. Nf3 exd4 6. Qxd4 Be7 7. Be3 O-O 8.
O-O-O Ng4 9. Bg1 c6 10. h3 Ngf6 11. g4 c5 12. Qd3 Qc7 13. Bh2 Rd8 14. Kb1 a6 15.
g5 Ne8 16. Nd5 c4 17. Qd4 Qc5 18. Qxc5 Nxc5 19. Nxe7+ Kf8 20. Nd5 Nxe4 21. Bg1
Ng3 22. Rh2 Nxf1 23. Rxf1 Rb8 24. Bb6 Rd7 25. Re1 f6 26. Rhe2 fxg5 27. Rxe8+ Kf7
28. Nxg5+ Kg6 29. R8e6+ Kf5 30. R1e4 h6 31. Ne3# {Black checkmated} 1-0

[Event "Team 45 45 League T54"]
[Site "Internet Chess Club"]
[Date "2012.09.02"]
[Round "3"]
[White "carokantor"]
[Black "nurmi"]
[Result "1-0"]
[WhiteElo "2091"]
[BlackElo "1930"]
[Opening "Robatsch (modern) defense"]
[ECO "B06"]
[Time "21:03:41"]
[TimeControl "2700+45"]

1. e4 g6 2. d4 Bg7 3. c4 c5 4. d5 d6 5. Bd3 Nd7 6. f4 e6 7. Nf3 exd5 8. cxd5 Ne7
9. Nc3 a6 10. a4 O-O 11. O-O Qa5 12. Bd2 Qb6 13. Qc1 f5 14. a5 Qa7 15. Ng5 Nf6
16. e5 dxe5 17. fxe5 Nfxd5 18. Nxd5 Nxd5 19. Bc4 Rd8 20. Bxd5+ Rxd5 21. Qc4 Be6
22. Nxe6 Rxd2 23. Ng5+ Kh8 24. Nf7+ Kg8 25. Nh6+ Kh8 26. Qg8+ Rxg8 27. Nf7#
{Black checkmated} 1-0

[Event "Team 45 45 League T54"]
[Site "Internet Chess Club"]
[Date "2012.08.29"]
[Round "3"]
[White "koni"]
[Black "The7thGuest"]
[Result "1/2-1/2"]
[WhiteElo "1937"]
[BlackElo "2030"]
[Opening "Réti: King's Indian attack"]
[ECO "A05"]
[Time "13:01:11"]
[TimeControl "2700+45"]

1. Nf3 Nf6 2. g3 g6 3. Bg2 Bg7 4. O-O O-O 5. d3 c5 6. e4 d6 7. Nbd2 Nc6 8. c3
Rb8 9. a4 a6 10. Qe2 Nd7 11. Nb3 b5 12. axb5 axb5 13. d4 c4 14. Nbd2 e5 15. d5
Ne7 16. b3 cxb3 17. Nxb3 Nc5 18. Nxc5 dxc5 19. Ba3 b4 20. cxb4 cxb4 21. Rfb1
Nxd5 22. exd5 e4 23. Bb2 exf3 24. Bxf3 Bf5 25. Bxg7 Kxg7 26. Rb2 Qf6 27. Ra6 Bd3
28. Rxf6 Bxe2 29. Rf4 Bxf3 30. Rxf3 Rfd8 {Game drawn by mutual agreement}
1/2-1/2

[Event "Team 45 45 League T54"]
[Site "Internet Chess Club"]
[Date "2012.09.03"]
[Round "3"]
[White "Killian"]
[Black "poni"]
[Result "1-0"]
[WhiteElo "2002"]
[BlackElo "1878"]
[Opening "King's pawn opening"]
[ECO "B07"]
[Time "13:04:11"]
[TimeControl "2700+45"]

1. e4 d6 2. Nc3 e5 3. Bc4 Nf6 4. d3 Be7 5. Nge2 c6 6. O-O O-O 7. f4 Qb6+ 8. Kh1
Ng4 9. Qe1 Ne3 10. Na4 Qc7 11. Bxe3 b5 12. Bxb5 cxb5 13. Nac3 b4 14. Nd5 Qb7 15.
Qxb4 Nc6 16. Qxb7 Bxb7 17. f5 Rfc8 18. Nec3 f6 19. Rf2 Kf7 20. Kg1 Rab8 21. Ne2
Ba6 22. b3 Bd8 23. c4 Bb7 24. Rd1 a5 25. Nec3 Ba6 26. d4 Rb7 27. dxe5 dxe5 28.
Rfd2 Ke8 29. Na4 Be7 30. Nxe7 Kxe7 31. Nc5 Ra7 32. Rd7+ {Black resigns} 1-0